NASHVILLE vs LOS ANGELES

Created - Saturday, January 27, 2018 at 08:36

Goals
1 2 3 T
NASHVILLE 0 2 0 2
LOS ANGELES 1 1 1 3
Shots
1 2 3 T
NASHVILLE 8 6 7 21
LOS ANGELES 4 4 4 12

1st period

1. LOS ANGELES , Joshua Ho-Sang 2 (John Mitchell 2, Dmitry Kulikov 15) at 19:50

Penalties :
Michael Raffl (LOS) for Roughing (Minor) at 2:56, Jeff Skinner (LOS) for Interference (Minor) at 7:00, Niklas Kronwall (NSH) for Slashing (Minor) at 7:00, Dmitry Kulikov (LOS) for Hooking (Minor) at 16:26

2nd period

2. NASHVILLE , Lars Eller 6 (Richard Panik 12) at 12:07 (PP)
3. NASHVILLE , Morgan Rielly 8 (Rasmus Ristolainen 25, Mike Smith) at 14:09 (PP)
4. LOS ANGELES , Jeff Skinner 22 (Joshua Ho-Sang 12, Mark Stuart 4) at 19:40

Penalties :
Zach Hyman (NSH) for Interference (Minor) at 1:36, Kevin Bieksa (NSH) for Delaying the game (Minor) at 8:34, Cody Eakin (LOS) for Holding (Minor) at 12:05, Matthew Tkachuk (LOS) for Holding (Minor) at 12:54, Vernon Fiddler (LOS) for Fighting (Major) at 15:35, Brendan Leipsic (NSH) for Fighting (Major) at 15:35

3rd period

5. LOS ANGELES , Jeff Skinner 23 (Cam Fowler 15, Mika Zibanejad 20) at 18:27 (PP)

Penalties :
Rasmus Ristolainen (NSH) for High sticking (Minor) at 10:14, Richard Panik (NSH) for Cross-checking (Minor) at 17:06, Michael Raffl (LOS) for Hooking (Minor) at 18:44

Goalie Stats

Mike Smith (NSH), 9 saves from 12 shots - (0.750), L, 12-26-3, 58:46 minutes
Antti Raanta (LOS), 19 saves from 21 shots - (0.905), W, 16-11-3, 60:00 minutes

Players Stats for NASHVILLE

Player Name              G  A  P  +/- PIM S  H  SB GA TA FO     MP     PP MP  PK MP  
------------------------------------------------------------------------------------
Braydon Coburn           0  0  0  -1  0   0  1  0  0  0  0/0    17:49   2:42   1:11 
Brendan Leipsic          0  0  0   0  5   0  1  0  0  0  0/3    15:43   2:59   3:18 
Brenden Dillon           0  0  0  -1  0   0  1  0  0  0  0/0     5:15   0:00   0:00 
Clarke MacArthur         0  0  0  -1  0   0  3  0  0  0  0/2    12:30   0:00   0:50 
Connor Carrick           0  0  0   0  0   0  0  0  0  0  0/0     0:46   0:00   0:46 
Danny DeKeyser           0  0  0   0  0   2  0  1  0  0  0/0    19:02   2:42   2:59 
Dwight King              0  0  0   0  0   0  0  0  0  0  0/0     9:21   0:00   0:55 
Hunter Shinkaruk         0  0  0   0  0   0  0  0  0  0  0/0     9:12   0:00   0:46 
Jimmy Vesey              0  0  0  -1  0   2  1  0  0  0  0/0    15:34   2:59   0:00 
Joseph Blandisi          0  0  0   0  0   0  0  0  0  0  0/1     9:47   0:29   0:52 
Kevin Bieksa             0  0  0  -1  2   0  4  2  0  0  0/0    13:21   0:00   0:00 
Lars Eller               1  0  1   0  0   3  1  0  0  0  2/2    17:58   3:31   0:55 
Morgan Rielly            1  0  1   0  0   4  1  1  0  0  0/0    21:47   3:48   3:45 
Nick Bonino              0  0  0   0  0   2  0  0  0  0  6/14   13:31   0:00   0:00 
Niklas Kronwall          0  0  0   0  2   0  1  0  0  0  0/0    16:12   0:00   2:59 
Oscar Lindberg           0  0  0  -1  0   0  3  0  0  0  11/19  14:34   2:59   0:00 
Peter Holland            0  0  0  -1  0   2  0  0  0  0  5/9    11:40   0:00   0:00 
Rasmus Ristolainen       0  1  1  -1  2   2  5  2  0  0  0/0    25:45   3:48   2:56 
Richard Panik            0  1  1  -1  2   3  4  0  0  0  2/6    21:59   3:31   2:50 
Zach Hyman               0  0  0  -1  2   1  5  0  0  0  3/6    18:51   3:02   4:10 

Players Stats for LOS ANGELES

Player Name              G  A  P  +/- PIM S  H  SB GA TA FO     MP     PP MP  PK MP  
------------------------------------------------------------------------------------
Andrew Desjardins        0  0  0   0  0   0  0  0  0  0  1/1     2:57   0:49   2:08 
Cam Fowler               0  1  1   0  0   0  0  2  0  0  0/0    24:46   3:17   3:34 
Cody Eakin               0  0  0   0  2   1  0  0  0  0  7/9    10:59   0:00   2:08 
Dalton Prout             0  0  0   0  0   0  0  0  0  0  0/0     6:50   0:00   0:10 
Derek Forbort            0  0  0   0  0   0  3  1  0  0  0/0    20:04   3:23   3:34 
Dmitry Kulikov           0  1  1   1  2   0  0  0  0  0  0/0    20:41   4:01   2:10 
Fedor Tyutin             0  0  0   1  0   0  0  1  0  0  0/0    21:12   3:55   2:46 
Jeff Skinner             2  0  2   1  2   6  0  0  0  0  0/1    16:56   3:32   0:00 
John Mitchell            0  1  1   2  0   0  2  0  0  0  0/0     9:37   0:00   0:00 
John Quenneville         0  0  0   0  0   0  0  0  0  0  0/0    10:44   0:00   0:00 
Joshua Ho-Sang           1  1  2   2  0   1  1  0  0  0  0/0     9:37   0:00   0:00 
Mark Stuart              0  1  1   1  0   0  0  1  0  0  0/0    11:54   0:00   0:00 
Matt Stajan              0  0  0   0  0   0  0  0  0  0  7/15   16:23   2:57   0:00 
Matthew Tkachuk          0  0  0   0  2   2  2  0  0  0  0/2    17:54   3:46   0:00 
Michael Raffl            0  0  0   0  4   0  1  0  0  0  0/0     8:50   0:00   0:00 
Mika Zibanejad           0  1  1   0  0   0  1  0  0  0  7/12   18:34   3:32   1:09 
Mike Hoffman             0  0  0   0  0   1  1  0  0  0  3/3    16:16   3:32   0:00 
Nikolai Kulemin          0  0  0   0  0   1  1  0  0  0  0/1    17:30   0:00   3:46 
Simon Despres            0  0  0   1  0   0  0  0  0  0  0/0    14:32   0:00   0:46 
Vernon Fiddler           0  0  0   1  5   0  0  0  0  0  8/18   15:08   3:46   3:49 

3 Stars

1 - Joshua Ho-Sang (LOS)
2 - Jeff Skinner (LOS)
3 - John Mitchell (LOS)

Power Play

NASHVILLE - 2 on 5 Attempt(s) - 40.00%
LOS ANGELES - 1 on 4 Attempt(s) - 25.00%

Penalty Kill

NASHVILLE - 3 on 4 Attempt(s) - 75.00% - Score 0 goal in Penalty Kill
LOS ANGELES - 3 on 5 Attempt(s) - 60.00% - Score 0 goal in Penalty Kill

Team Stat

NASHVILLE - Hits : 31 - Faceoff Wins : 29 - Blocked Shots : 6 - Penalty Minutes : 15
LOS ANGELES - Hits : 12 - Faceoff Wins : 33 - Blocked Shots : 5 - Penalty Minutes : 17

Official

Referees : Unknown
Linesman : Unknown

Game Notes

Vernon Fiddler beats up Brendan Leipsic at 15:35 of 2nd period

Finance

Level 1 -- Attendance: 4725 (78.75%) -- Ticket Income $472,500
Level 2 -- Attendance: 3854 (77.08%) -- Ticket Income $231,240
Level 3 -- Attendance: 1768 (88.40%) -- Ticket Income $61,880
Level 4 -- Attendance: 3611 (90.28%) -- Ticket Income $72,220
Luxury Box -- Attendance: 792 (79.20%) -- Ticket Income $158,400
Game was played at the Staples Center.
Total Attendance: 14750 (81.94%)
Total Ticket Income: $996,240
Total Income: $996,240

NASHVILLE

5 vs 5 Forward 
   Center                   Left Wing                Right Wing               Time % Phy DF OF 
 1 Nick Bonino              Lars Eller               Richard Panik            35     0   1  4  
 2 Oscar Lindberg           Brendan Leipsic          Jimmy Vesey              30     0   2  3  
 3 Peter Holland            Clarke MacArthur         Zach Hyman               25     1   3  1  
 4 Joseph Blandisi          Hunter Shinkaruk         Dwight King              10     2   2  1  

5 vs 5 Defense 
   Defense                  Defense                                           Time % Phy DF OF 
 1 Rasmus Ristolainen       Danny DeKeyser                                    35     1   3  1  
 2 Morgan Rielly            Niklas Kronwall                                   35     1   3  1  
 3 Braydon Coburn           Kevin Bieksa                                      20     1   3  1  
 4 Rasmus Ristolainen       Brenden Dillon                                    10     1   3  1  

PowerPlay Forward 
   Center                   Left Wing                Right Wing               Time % Phy DF OF 
 1 Zach Hyman               Lars Eller               Richard Panik            60     0   0  5  
 2 Oscar Lindberg           Brendan Leipsic          Jimmy Vesey              40     0   0  5  

PowerPlay Defense
   Defense                  Defense                                           Time % Phy DF OF 
 1 Rasmus Ristolainen       Morgan Rielly                                     60     0   1  4  
 2 Danny DeKeyser           Braydon Coburn                                    40     0   1  4  

Penalty Kill 4 Players Forward 
   Center                   Wing                     Time % Phy DF OF 
 1 Richard Panik            Zach Hyman               60     0   4  1  
 2 Lars Eller               Dwight King              40     0   4  1  

Penalty Kill 4 Players Defense
   Defense                  Defense                  Time % Phy DF OF 
 1 Rasmus Ristolainen       Morgan Rielly            60     0   5  0  
 2 Danny DeKeyser           Niklas Kronwall          40     0   5  0  

Penalty Kill - 3 Players Forward 
   Forward                                           Time % Phy DF OF 
 1 Richard Panik                                     60     0   5  0  
 2 Lars Eller                                        40     0   5  0  

Penalty Kill - 3 Players Defense
   Defense                  Defense                  Time % Phy DF OF 
 1 Rasmus Ristolainen       Morgan Rielly            60     0   5  0  
 2 Danny DeKeyser           Niklas Kronwall          40     0   5  0  

4 vs 4 Forward 
   Center                   Wing                     Time % Phy DF OF 
 1 Nick Bonino              Richard Panik            60     0   2  3  
 2 Lars Eller               Jimmy Vesey              40     0   2  3  

4 vs 4 Defense
   Defense                  Defense                  Time % Phy DF OF 
 1 Rasmus Ristolainen       Morgan Rielly            60     1   3  1  
 2 Danny DeKeyser           Niklas Kronwall          40     1   3  1  

Last Minutes Offensive
   Center                   Left Wing                Right Wing               Defense                  Defense                  
   Nick Bonino              Jimmy Vesey              Richard Panik            Rasmus Ristolainen       Morgan Rielly            

Last Minutes Defensive
   Center                   Left Wing                Right Wing               Defense                  Defense                  
   Nick Bonino              Lars Eller               Zach Hyman               Rasmus Ristolainen       Morgan Rielly            

Goaltenders
Starting : Mike Smith               
Backup : Petr Mrazek              

Extra Forwards
Normal : Richard Panik, Lars Eller, Jimmy Vesey - PP : Richard Panik, Jimmy Vesey - PK : Zach Hyman
Extra Defensemen
Normal : Rasmus Ristolainen, Morgan Rielly, Danny DeKeyser - PP : Morgan Rielly - PK : Rasmus Ristolainen, Morgan Rielly
Penalty Shots
Zach Hyman, Richard Panik, Jimmy Vesey, Lars Eller, Brendan Leipsic

Scratches
Alan Quine (Healthy), NSH CAP HIT (Suspend)

LOS ANGELES

5 vs 5 Forward 
   Center                   Left Wing                Right Wing               Time % Phy DF OF 
 1 Mika Zibanejad           Jeff Skinner             Mike Hoffman             35     0   1  4  
 2 Matt Stajan              Matthew Tkachuk          Nikolai Kulemin          35     1   2  2  
 3 Vernon Fiddler           John Mitchell            Joshua Ho-Sang           25     1   3  1  
 4 Cody Eakin               Michael Raffl            John Quenneville         5      1   4  0  

5 vs 5 Defense 
   Defense                  Defense                                           Time % Phy DF OF 
 1 Cam Fowler               Derek Forbort                                     35     1   2  2  
 2 Fedor Tyutin             Dmitry Kulikov                                    35     1   3  1  
 3 Mark Stuart              Simon Despres                                     25     1   3  1  
 4 Dalton Prout             Cam Fowler                                        5      1   4  0  

PowerPlay Forward 
   Center                   Left Wing                Right Wing               Time % Phy DF OF 
 1 Mika Zibanejad           Jeff Skinner             Mike Hoffman             60     0   0  5  
 2 Matt Stajan              Matthew Tkachuk          Vernon Fiddler           40     0   0  5  

PowerPlay Defense
   Defense                  Defense                                           Time % Phy DF OF 
 1 Cam Fowler               Derek Forbort                                     60     1   1  3  
 2 Fedor Tyutin             Dmitry Kulikov                                    40     1   1  3  

Penalty Kill 4 Players Forward 
   Center                   Wing                     Time % Phy DF OF 
 1 Vernon Fiddler           Nikolai Kulemin          60     1   4  0  
 2 Cody Eakin               Andrew Desjardins        40     1   4  0  

Penalty Kill 4 Players Defense
   Defense                  Defense                  Time % Phy DF OF 
 1 Cam Fowler               Derek Forbort            60     1   4  0  
 2 Fedor Tyutin             Dmitry Kulikov           40     1   4  0  

Penalty Kill - 3 Players Forward 
   Forward                                           Time % Phy DF OF 
 1 Matt Stajan                                       60     1   4  0  
 2 Cody Eakin                                        40     1   4  0  

Penalty Kill - 3 Players Defense
   Defense                  Defense                  Time % Phy DF OF 
 1 Cam Fowler               Derek Forbort            60     1   4  0  
 2 Fedor Tyutin             Dmitry Kulikov           40     1   4  0  

4 vs 4 Forward 
   Center                   Wing                     Time % Phy DF OF 
 1 Mika Zibanejad           Jeff Skinner             60     1   2  2  
 2 Matt Stajan              Matthew Tkachuk          40     1   2  2  

4 vs 4 Defense
   Defense                  Defense                  Time % Phy DF OF 
 1 Cam Fowler               Derek Forbort            60     1   2  2  
 2 Fedor Tyutin             Dmitry Kulikov           40     1   2  2  

Last Minutes Offensive
   Center                   Left Wing                Right Wing               Defense                  Defense                  
   Mika Zibanejad           Jeff Skinner             Mike Hoffman             Cam Fowler               Derek Forbort            

Last Minutes Defensive
   Center                   Left Wing                Right Wing               Defense                  Defense                  
   Matt Stajan              Matthew Tkachuk          Nikolai Kulemin          Cam Fowler               Derek Forbort            

Goaltenders
Starting : Antti Raanta             
Backup : Cam Ward                 

Extra Forwards
Normal : Matthew Tkachuk, Jeff Skinner, Mika Zibanejad - PP : John Quenneville, Nikolai Kulemin - PK : Mika Zibanejad
Extra Defensemen
Normal : Mark Stuart, Simon Despres, Dalton Prout - PP : Mark Stuart - PK : Simon Despres, Dalton Prout
Penalty Shots
Jeff Skinner, Matthew Tkachuk, Mike Hoffman, Mika Zibanejad, Nikolai Kulemin

Scratches
Nate Thompson (Healthy), LA CAP HIT (Suspend), Eddie Lack (Healthy)

% Time on Ice - NASHVILLE

Lines # - Real PCT - Wanted PCT - Time Play
Normal Forward
1 - 28% - 35% - 12:32
2 - 26% - 30% - 11:35
3 - 26% - 25% - 11:40
4 - 19% - 10% - 8:26
Normal Defense
1 - 28% - 35% - 12:22
2 - 30% - 35% - 13:14
3 - 30% - 20% - 13:22
4 - 12% - 10% - 5:15
PP Forward
1 - 54% - 60% - 3:31
2 - 46% - 40% - 2:59
PP Defense
1 - 58% - 60% - 3:48
2 - 42% - 40% - 2:42
PK Forward
1 - 87% - 60% - 6:23
2 - 13% - 40% - 0:55
PK Defense
1 - 59% - 60% - 4:19
2 - 41% - 40% - 2:59
PK3 Forward
1 - 0% - 60%
2 - 0% - 40%
PK3 Defense
1 - 0% - 60%
2 - 0% - 40%
44 Forward
1 - 50% - 60% - 0:59
2 - 50% - 40% - 1:00
44 Defense
1 - 50% - 60% - 1:00
2 - 50% - 40% - 0:59
Last Minute Offensive  - 0:00
Last Minute Defensive  - 0:00
Total
Forward - 60:00
Defense - 60:00

% Time on Ice - LOS ANGELES

Lines # - Real PCT - Wanted PCT - Time Play
Normal Forward
1 - 29% - 35% - 12:44
2 - 29% - 35% - 13:00
3 - 22% - 25% - 9:37
4 - 20% - 5% - 8:52
Normal Defense
1 - 28% - 35% - 12:18
2 - 30% - 35% - 13:21
3 - 27% - 25% - 11:54
4 - 15% - 5% - 6:40
PP Forward
1 - 48% - 60% - 3:32
2 - 52% - 40% - 3:46
PP Defense
1 - 46% - 60% - 3:23
2 - 54% - 40% - 3:55
PK Forward
1 - 67% - 60% - 4:22
2 - 33% - 40% - 2:08
PK Defense
1 - 55% - 60% - 3:34
2 - 45% - 40% - 2:56
PK3 Forward
1 - 0% - 60%
2 - 0% - 40%
PK3 Defense
1 - 0% - 60%
2 - 0% - 40%
44 Forward
1 - 78% - 60% - 1:33
2 - 22% - 40% - 0:26
44 Defense
1 - 41% - 60% - 0:49
2 - 59% - 40% - 1:10
Last Minute Offensive  - 0:00
Last Minute Defensive  - 0:00
Total
Forward - 60:00
Defense - 60:00

Play by Play

1st period


0:01 of 1st period - Mike Hoffman wins face-off versus Nick Bonino in neutral zone.
1:04 of 1st period - Shot by Matthew Tkachuk.
1:04 of 1st period - Shot Blocked by Morgan Rielly.
1:06 of 1st period - Shot by Matthew Tkachuk.
1:06 of 1st period - Stopped by Mike Smith without a rebound.
1:07 of 1st period - Zach Hyman wins face-off versus Vernon Fiddler in NASHVILLE zone.
1:07 of 1st period - Zach Hyman is hit by John Mitchell.
1:15 of 1st period - Simon Despres is hit by Zach Hyman and loses puck.
2:22 of 1st period - Off-side.
2:23 of 1st period - Cody Eakin wins face-off versus Oscar Lindberg in neutral zone.
2:56 of 1st period - Minor Penalty to Michael Raffl for Roughing.
2:57 of 1st period - Vernon Fiddler wins face-off versus Zach Hyman in LOS ANGELES zone.
2:57 of 1st period - Vernon Fiddler is hit by Richard Panik.
3:30 of 1st period - Icing by Richard Panik.
3:31 of 1st period - Vernon Fiddler wins face-off versus Zach Hyman in NASHVILLE zone.
3:32 of 1st period - Shot by Nikolai Kulemin.
3:32 of 1st period - Shot Blocked by Rasmus Ristolainen.
4:38 of 1st period - Shot by Morgan Rielly.
4:38 of 1st period - Stopped by Antti Raanta with a rebound.
5:30 of 1st period - Shot by Jeff Skinner.
5:30 of 1st period - Stopped by Mike Smith without a rebound.
5:31 of 1st period - Cody Eakin wins face-off versus Peter Holland in NASHVILLE zone.
5:31 of 1st period - Dmitry Kulikov is hit by Kevin Bieksa and loses puck.
5:39 of 1st period - Icing by Kevin Bieksa.
5:40 of 1st period - Peter Holland wins face-off versus Matt Stajan in NASHVILLE zone.
7:00 of 1st period - Minor Penalty to Jeff Skinner for Interference.
7:00 of 1st period - Minor Penalty to Niklas Kronwall for Slashing.
7:01 of 1st period - Mika Zibanejad wins face-off versus Nick Bonino in NASHVILLE zone.
8:08 of 1st period - Off-side.
8:09 of 1st period - Mika Zibanejad wins face-off versus Nick Bonino in neutral zone.
8:29 of 1st period - Shot by Richard Panik.
8:29 of 1st period - Shot Blocked by Cam Fowler.
8:33 of 1st period - Shot by Richard Panik.
8:33 of 1st period - Stopped by Antti Raanta without a rebound.
8:34 of 1st period - Lars Eller wins face-off versus Matt Stajan in LOS ANGELES zone.
8:35 of 1st period - Shot by Jimmy Vesey.
8:35 of 1st period - Shot Misses the Net.
9:01 of 1st period - Matthew Tkachuk is hit by Braydon Coburn and loses puck.
9:07 of 1st period - John Quenneville is hit by Kevin Bieksa and loses puck.
10:02 of 1st period - Joshua Ho-Sang is hit by Rasmus Ristolainen and loses puck.
10:48 of 1st period - Fedor Tyutin is hit by Clarke MacArthur and loses puck.
11:04 of 1st period - Matt Stajan is hit by Niklas Kronwall and loses puck.
11:34 of 1st period - Mika Zibanejad is hit by Lars Eller and loses puck.
14:06 of 1st period - Icing by Fedor Tyutin.
14:07 of 1st period - Nick Bonino wins face-off versus Matt Stajan in LOS ANGELES zone.
14:34 of 1st period - Shot by Lars Eller.
14:34 of 1st period - Deflect By Nick Bonino.
14:34 of 1st period - Shot Misses the Net.
14:36 of 1st period - Shot by Rasmus Ristolainen.
14:36 of 1st period - Stopped by Antti Raanta without a rebound.
14:37 of 1st period - Mika Zibanejad wins face-off versus Oscar Lindberg in LOS ANGELES zone.
14:37 of 1st period - Mika Zibanejad is hit by Oscar Lindberg.
14:43 of 1st period - Shot by Jeff Skinner.
14:43 of 1st period - Stopped by Mike Smith without a rebound.
14:44 of 1st period - Oscar Lindberg wins face-off versus Vernon Fiddler in NASHVILLE zone.
14:53 of 1st period - Shot by Jimmy Vesey.
14:53 of 1st period - Stopped by Antti Raanta without a rebound.
14:54 of 1st period - Mike Hoffman wins face-off versus Nick Bonino in LOS ANGELES zone.
15:17 of 1st period - Shot by Nick Bonino.
15:17 of 1st period - Stopped by Antti Raanta without a rebound.
15:18 of 1st period - Oscar Lindberg wins face-off versus Matt Stajan in LOS ANGELES zone.
15:21 of 1st period - Shot by Jimmy Vesey.
15:21 of 1st period - Shot Blocked by Fedor Tyutin.
16:17 of 1st period - Shot by Richard Panik.
16:17 of 1st period - Shot Misses the Net.
16:26 of 1st period - Minor Penalty to Dmitry Kulikov for Hooking.
16:27 of 1st period - Lars Eller wins face-off versus Vernon Fiddler in LOS ANGELES zone.
17:43 of 1st period - Shot by Danny DeKeyser.
17:43 of 1st period - Stopped by Antti Raanta without a rebound.
17:44 of 1st period - Vernon Fiddler wins face-off versus Oscar Lindberg in LOS ANGELES zone.
17:44 of 1st period - Vernon Fiddler is hit by Jimmy Vesey.
17:53 of 1st period - Shot by Jimmy Vesey.
17:53 of 1st period - Stopped by Antti Raanta without a rebound.
17:54 of 1st period - Vernon Fiddler wins face-off versus Oscar Lindberg in LOS ANGELES zone.
18:41 of 1st period - Shot by Morgan Rielly.
18:41 of 1st period - Stopped by Antti Raanta without a rebound.
18:42 of 1st period - Peter Holland wins face-off versus Cody Eakin in LOS ANGELES zone.
19:04 of 1st period - Cam Fowler is hit by Brenden Dillon and loses puck.
19:34 of 1st period - Icing by Brenden Dillon.
19:35 of 1st period - Vernon Fiddler wins face-off versus Peter Holland in NASHVILLE zone.
19:50 of 1st period - Shot by Joshua Ho-Sang.
19:50 of 1st period - Goal by Joshua Ho-Sang - NASHVILLE : 0 - LOS ANGELES : 1.
19:51 of 1st period - Nick Bonino wins face-off versus Mika Zibanejad in neutral zone.
Goals for this period are 0 for NASHVILLE vs 1 for LOS ANGELES.
Shots for this period are 8 for NASHVILLE vs 4 for LOS ANGELES.

2nd period


0:01 of 2nd period - Oscar Lindberg wins face-off versus Mika Zibanejad in neutral zone.
0:58 of 2nd period - Off-side.
0:59 of 2nd period - Peter Holland wins face-off versus Matt Stajan in neutral zone.
1:36 of 2nd period - Minor Penalty to Zach Hyman for Interference.
1:37 of 2nd period - Mike Hoffman wins face-off versus Richard Panik in NASHVILLE zone.
2:40 of 2nd period - Icing by Matt Stajan.
2:41 of 2nd period - Matt Stajan wins face-off versus Richard Panik in LOS ANGELES zone.
3:39 of 2nd period - Icing by Braydon Coburn.
3:40 of 2nd period - Cody Eakin wins face-off versus Zach Hyman in NASHVILLE zone.
3:59 of 2nd period - Shot by John Quenneville.
3:59 of 2nd period - Shot Blocked by Kevin Bieksa.
5:28 of 2nd period - Rasmus Ristolainen is hit by Derek Forbort and loses puck.
6:16 of 2nd period - Shot by Lars Eller.
6:16 of 2nd period - Stopped by Antti Raanta without a rebound.
6:17 of 2nd period - Oscar Lindberg wins face-off versus Mika Zibanejad in LOS ANGELES zone.
6:28 of 2nd period - Shot by Jimmy Vesey.
6:28 of 2nd period - Shot Misses the Net.
6:38 of 2nd period - Shot by Jeff Skinner.
6:38 of 2nd period - Deflect By Mike Hoffman.
6:38 of 2nd period - Stopped by Mike Smith without a rebound.
6:39 of 2nd period - Cody Eakin wins face-off versus Clarke MacArthur in NASHVILLE zone.
6:39 of 2nd period - Dmitry Kulikov is hit by Rasmus Ristolainen.
6:48 of 2nd period - Michael Raffl is hit by Rasmus Ristolainen and loses puck.
8:00 of 2nd period - Derek Forbort is hit by Richard Panik and loses puck.
8:12 of 2nd period - Mika Zibanejad is hit by Oscar Lindberg and loses puck.
8:34 of 2nd period - Minor Penalty to Kevin Bieksa for Delaying the game.
8:35 of 2nd period - Matt Stajan wins face-off versus Richard Panik in NASHVILLE zone.
8:38 of 2nd period - Shot by Matthew Tkachuk.
8:38 of 2nd period - Shot Misses the Net.
8:40 of 2nd period - Shot by Dmitry Kulikov.
8:40 of 2nd period - Shot Blocked by Rasmus Ristolainen.
8:42 of 2nd period - Shot by Fedor Tyutin.
8:42 of 2nd period - Shot Misses the Net.
9:00 of 2nd period - Shot by Vernon Fiddler.
9:00 of 2nd period - Shot Misses the Net.
9:21 of 2nd period - Danny DeKeyser is hit by Derek Forbort and loses puck.
9:35 of 2nd period - Icing by Derek Forbort.
9:36 of 2nd period - Mika Zibanejad wins face-off versus Richard Panik in LOS ANGELES zone.
11:00 of 2nd period - Shot by Cody Eakin.
11:00 of 2nd period - Stopped by Mike Smith without a rebound.
11:01 of 2nd period - Oscar Lindberg wins face-off versus Mika Zibanejad in NASHVILLE zone.
11:01 of 2nd period - Oscar Lindberg is hit by Mika Zibanejad.
11:47 of 2nd period - Cam Fowler is hit by Brendan Leipsic and loses puck.
12:05 of 2nd period - Minor Penalty to Cody Eakin for Holding.
12:06 of 2nd period - Richard Panik wins face-off versus Vernon Fiddler in LOS ANGELES zone.
12:07 of 2nd period - Shot by Lars Eller.
12:07 of 2nd period - Goal by Lars Eller - NASHVILLE : 1 - LOS ANGELES : 1.
12:08 of 2nd period - Matt Stajan wins face-off versus Nick Bonino in neutral zone.
12:08 of 2nd period - Matthew Tkachuk is hit by Richard Panik and loses puck.
12:31 of 2nd period - Icing by Dmitry Kulikov.
12:32 of 2nd period - Peter Holland wins face-off versus Matthew Tkachuk in LOS ANGELES zone.
12:39 of 2nd period - Shot by Peter Holland.
12:39 of 2nd period - Shot Misses the Net.
12:54 of 2nd period - Minor Penalty to Matthew Tkachuk for Holding.
12:55 of 2nd period - Zach Hyman wins face-off versus Vernon Fiddler in LOS ANGELES zone.
12:56 of 2nd period - Shot by Rasmus Ristolainen.
12:56 of 2nd period - Shot Misses the Net.
13:04 of 2nd period - Shot by Lars Eller.
13:04 of 2nd period - Shot Misses the Net.
13:18 of 2nd period - Shot by Zach Hyman.
13:18 of 2nd period - Stopped by Antti Raanta without a rebound.
13:19 of 2nd period - Oscar Lindberg wins face-off versus Vernon Fiddler in LOS ANGELES zone.
13:22 of 2nd period - Shot by Jimmy Vesey.
13:22 of 2nd period - Shot Misses the Net.
13:24 of 2nd period - Shot by Danny DeKeyser.
13:24 of 2nd period - Stopped by Antti Raanta without a rebound.
13:25 of 2nd period - Vernon Fiddler wins face-off versus Oscar Lindberg in LOS ANGELES zone.
13:31 of 2nd period - Icing by Morgan Rielly.
13:32 of 2nd period - Oscar Lindberg wins face-off versus Vernon Fiddler in NASHVILLE zone.
13:43 of 2nd period - Shot by Morgan Rielly.
13:43 of 2nd period - Stopped by Antti Raanta without a rebound.
13:44 of 2nd period - Zach Hyman wins face-off versus Vernon Fiddler in LOS ANGELES zone.
13:45 of 2nd period - Shot by Morgan Rielly.
13:45 of 2nd period - Shot Blocked by Derek Forbort.
14:09 of 2nd period - Shot by Morgan Rielly.
14:09 of 2nd period - Goal by Morgan Rielly - NASHVILLE : 2 - LOS ANGELES : 1.
14:10 of 2nd period - Oscar Lindberg wins face-off versus Mika Zibanejad in neutral zone.
14:10 of 2nd period - Kevin Bieksa is hit by Mike Hoffman and loses puck.
14:21 of 2nd period - Shot by Mika Zibanejad.
14:21 of 2nd period - Shot Misses the Net.
14:23 of 2nd period - Shot by Jeff Skinner.
14:23 of 2nd period - Shot Blocked by Kevin Bieksa.
14:33 of 2nd period - Shot by Jeff Skinner.
14:33 of 2nd period - Stopped by Mike Smith without a rebound.
14:34 of 2nd period - Nick Bonino wins face-off versus Vernon Fiddler in NASHVILLE zone.
14:47 of 2nd period - Shot by Nick Bonino.
14:47 of 2nd period - Shot Misses the Net.
14:53 of 2nd period - Nick Bonino is hit by John Mitchell and loses puck.
15:35 of 2nd period - Vernon Fiddler beats up Brendan Leipsic.
15:35 of 2nd period - Penalty to Vernon Fiddler for Fighting.
15:35 of 2nd period - Penalty to Brendan Leipsic for Fighting.
15:36 of 2nd period - Peter Holland wins face-off versus Matt Stajan in LOS ANGELES zone.
15:51 of 2nd period - Morgan Rielly is hit by Nikolai Kulemin and loses puck.
15:56 of 2nd period - Nikolai Kulemin is hit by Zach Hyman.
16:10 of 2nd period - Derek Forbort is hit by Clarke MacArthur and loses puck.
16:51 of 2nd period - Shot by Jeff Skinner.
16:51 of 2nd period - Shot Misses the Net.
17:35 of 2nd period - Shot by Dwight King.
17:35 of 2nd period - Shot Misses the Net.
18:16 of 2nd period - Icing by Peter Holland.
18:17 of 2nd period - Matt Stajan wins face-off versus Clarke MacArthur in NASHVILLE zone.
19:02 of 2nd period - Icing by Braydon Coburn.
19:03 of 2nd period - Oscar Lindberg wins face-off versus Jeff Skinner in NASHVILLE zone.
19:03 of 2nd period - Richard Panik is hit by Joshua Ho-Sang and loses puck.
19:14 of 2nd period - Shot by Jeff Skinner.
19:14 of 2nd period - Shot Misses the Net.
19:16 of 2nd period - Shot by Simon Despres.
19:16 of 2nd period - Shot Misses the Net.
19:36 of 2nd period - Jeff Skinner is hit by Kevin Bieksa.
19:40 of 2nd period - Shot by Jeff Skinner.
19:40 of 2nd period - Goal by Jeff Skinner - NASHVILLE : 2 - LOS ANGELES : 2.
19:41 of 2nd period - Cody Eakin wins face-off versus Joseph Blandisi in neutral zone.
Goals for this period are 2 for NASHVILLE vs 1 for LOS ANGELES.
Shots for this period are 6 for NASHVILLE vs 4 for LOS ANGELES.

3rd period


0:01 of 3rd period - Nick Bonino wins face-off versus Matt Stajan in neutral zone.
0:06 of 3rd period - Icing by Cam Fowler.
0:07 of 3rd period - Nick Bonino wins face-off versus Matt Stajan in LOS ANGELES zone.
0:33 of 3rd period - Icing by Cam Fowler.
0:34 of 3rd period - Matt Stajan wins face-off versus Oscar Lindberg in LOS ANGELES zone.
0:41 of 3rd period - Shot by Cam Fowler.
0:41 of 3rd period - Shot Misses the Net.
0:49 of 3rd period - Shot by Jimmy Vesey.
0:49 of 3rd period - Shot Misses the Net.
0:51 of 3rd period - Shot by Richard Panik.
0:51 of 3rd period - Stopped by Antti Raanta without a rebound.
0:52 of 3rd period - Mika Zibanejad wins face-off versus Peter Holland in LOS ANGELES zone.
0:52 of 3rd period - Mika Zibanejad is hit by Clarke MacArthur.
1:21 of 3rd period - Shot by Peter Holland.
1:21 of 3rd period - Stopped by Antti Raanta without a rebound.
1:22 of 3rd period - Vernon Fiddler wins face-off versus Oscar Lindberg in LOS ANGELES zone.
1:22 of 3rd period - Vernon Fiddler is hit by Oscar Lindberg.
1:37 of 3rd period - Icing by Niklas Kronwall.
1:38 of 3rd period - Matt Stajan wins face-off versus Oscar Lindberg in NASHVILLE zone.
2:46 of 3rd period - Icing by Nick Bonino.
2:47 of 3rd period - Vernon Fiddler wins face-off versus Nick Bonino in NASHVILLE zone.
3:11 of 3rd period - Shot by Vernon Fiddler.
3:11 of 3rd period - Shot Misses the Net.
4:00 of 3rd period - Vernon Fiddler is hit by Zach Hyman and loses puck.
4:05 of 3rd period - Shot by Morgan Rielly.
4:05 of 3rd period - Shot Misses the Net.
4:44 of 3rd period - Shot by Jimmy Vesey.
4:44 of 3rd period - Shot Misses the Net.
5:33 of 3rd period - Shot by Matt Stajan.
5:33 of 3rd period - Deflect By Matthew Tkachuk.
5:33 of 3rd period - Stopped by Mike Smith with a rebound.
5:35 of 3rd period - Shot by Mark Stuart.
5:35 of 3rd period - Shot Misses the Net.
5:37 of 3rd period - Shot by Matthew Tkachuk.
5:37 of 3rd period - Deflect By Nikolai Kulemin.
5:37 of 3rd period - Stopped by Mike Smith without a rebound.
5:38 of 3rd period - Cody Eakin wins face-off versus Nick Bonino in NASHVILLE zone.
6:05 of 3rd period - Shot by Lars Eller.
6:05 of 3rd period - Shot Misses the Net.
6:19 of 3rd period - Shot by Lars Eller.
6:19 of 3rd period - Shot Misses the Net.
6:35 of 3rd period - Shot by Danny DeKeyser.
6:35 of 3rd period - Shot Misses the Net.
6:37 of 3rd period - Shot by Zach Hyman.
6:37 of 3rd period - Deflect By Peter Holland.
6:37 of 3rd period - Stopped by Antti Raanta with a rebound.
6:39 of 3rd period - Shot by Rasmus Ristolainen.
6:39 of 3rd period - Stopped by Antti Raanta with a rebound.
6:41 of 3rd period - Shot by Clarke MacArthur.
6:41 of 3rd period - Shot Misses the Net.
6:59 of 3rd period - Shot by Danny DeKeyser.
6:59 of 3rd period - Shot Blocked by Mark Stuart.
8:04 of 3rd period - Joseph Blandisi is hit by Derek Forbort and loses puck.
9:27 of 3rd period - Matthew Tkachuk is hit by Rasmus Ristolainen and loses puck.
10:11 of 3rd period - Shot by Vernon Fiddler.
10:11 of 3rd period - Shot Misses the Net.
10:14 of 3rd period - Minor Penalty to Rasmus Ristolainen for High sticking.
10:15 of 3rd period - Mika Zibanejad wins face-off versus Brendan Leipsic in NASHVILLE zone.
10:36 of 3rd period - Shot by Jeff Skinner.
10:36 of 3rd period - Stopped by Mike Smith with a rebound.
10:42 of 3rd period - Mika Zibanejad is hit by Zach Hyman and loses puck.
11:27 of 3rd period - Off-side.
11:28 of 3rd period - Richard Panik wins face-off versus Matthew Tkachuk in neutral zone.
13:27 of 3rd period - Shot by Jimmy Vesey.
13:27 of 3rd period - Shot Misses the Net.
13:51 of 3rd period - Shot by Lars Eller.
13:51 of 3rd period - Stopped by Antti Raanta with a rebound.
14:03 of 3rd period - Shot by Kevin Bieksa.
14:03 of 3rd period - Shot Misses the Net.
14:05 of 3rd period - Shot by Nick Bonino.
14:05 of 3rd period - Stopped by Antti Raanta without a rebound.
14:06 of 3rd period - Matt Stajan wins face-off versus Peter Holland in LOS ANGELES zone.
14:24 of 3rd period - Shot by Zach Hyman.
14:24 of 3rd period - Shot Blocked by Cam Fowler.
14:38 of 3rd period - Rasmus Ristolainen is hit by Matthew Tkachuk.
15:50 of 3rd period - Shot by Richard Panik.
15:50 of 3rd period - Stopped by Antti Raanta without a rebound.
15:51 of 3rd period - Mika Zibanejad wins face-off versus Nick Bonino in LOS ANGELES zone.
16:13 of 3rd period - Jeff Skinner is hit by Kevin Bieksa and loses puck.
16:31 of 3rd period - Icing by Richard Panik.
16:32 of 3rd period - Nick Bonino wins face-off versus Nikolai Kulemin in NASHVILLE zone.
16:43 of 3rd period - Braydon Coburn is hit by Matthew Tkachuk and loses puck.
17:05 of 3rd period - Mark Stuart is hit by Richard Panik and loses puck.
17:06 of 3rd period - Minor Penalty to Richard Panik for Cross-checking.
17:07 of 3rd period - Andrew Desjardins wins face-off versus Brendan Leipsic in NASHVILLE zone.
17:07 of 3rd period - Andrew Desjardins is hit by Rasmus Ristolainen.
18:08 of 3rd period - Mike Hoffman is hit by Morgan Rielly and loses puck.
18:25 of 3rd period - Shot by Cam Fowler.
18:25 of 3rd period - Shot Blocked by Danny DeKeyser.
18:27 of 3rd period - Shot by Jeff Skinner.
18:27 of 3rd period - Goal by Jeff Skinner - NASHVILLE : 2 - LOS ANGELES : 3.
18:28 of 3rd period - Cody Eakin wins face-off versus Brendan Leipsic in neutral zone.
18:40 of 3rd period - Icing by Danny DeKeyser.
18:41 of 3rd period - Oscar Lindberg wins face-off versus Cody Eakin in NASHVILLE zone.
18:41 of 3rd period - Oscar Lindberg is hit by Michael Raffl.
18:44 of 3rd period - Minor Penalty to Michael Raffl for Hooking.
18:45 of 3rd period - Oscar Lindberg wins face-off versus Vernon Fiddler in LOS ANGELES zone.
18:46 of 3rd period - NASHVILLE, Mike Smith is pulled from the net.
19:44 of 3rd period - Nikolai Kulemin is hit by Zach Hyman and loses puck.
Goals for this period are 0 for NASHVILLE vs 1 for LOS ANGELES.
Shots for this period are 7 for NASHVILLE vs 4 for LOS ANGELES.